 Dungeon Crawl Stone Soup version 0.26.0-45-g9c1d065592 (webtiles) character file.

Game seed: 4448755930380134888

(classic levelgen) 200 thiole the Magician (level 5, -2/28 HPs)
             Began as a Deep Elf Hedge Wizard on Feb 1, 2021.
             Was an Initiate of Gozag.
             Slain by an adder (4 damage)
             ... on level 4 of the Dungeon.
             The game lasted 00:09:48 (3635 turns).

thiole the Magician (Deep Elf Hedge Wizard)         Turns: 3635, Time: 00:09:49

Health: -2/28      AC:  3    Str:  7    XL:     5   Next: 49%
Magic:  4/14       EV: 14    Int: 20    God:    Gozag
Gold:   165        SH:  0    Dex: 14    Spells: 9/14 levels left

rFire    . . .     SeeInvis .   a - +0 dagger
rCold    . . .     Faith    .   (no shield)
rNeg     . . .     Spirit   .   b - +0 robe
rPois    +         Reflect  .   c - +0 hat
rElec    .         Harm     .   (no cloak)
rCorr    .         Rampage  .   (no gloves)
Will     .....                  j - +0 pair of boots
Stlth    ++........             (no amulet)
HPRegen  0.09/turn              (no ring)
MPRegen  0.14/turn              (no ring)

@: mighty, lethally poisoned (-2 -> -5), hasted, very quick
A: poison resistance, sturdy frame 1
a: Renounce Religion, Potion Petition, Call Merchant, Bribe Branch


You were on level 4 of the Dungeon.
You worshipped Gozag.
Gozag was aware of your devotion.
You visited 1 branch of the dungeon, and saw 4 of its levels.

You collected 197 gold pieces.
You paid 32 gold pieces to Gozag.

Inventory:

Hand Weapons
 a - a +0 dagger (weapon)
Armour
 b - a +0 robe (worn)
 c - a +0 hat (worn)
 j - a +0 pair of boots (worn)
 o - a +0 kite shield
Scrolls
 e - 7 scrolls of identify {unknown}
 i - 2 scrolls of immolation {unknown}
 k - a scroll of remove curse {unknown}
 l - a scroll of fear {unknown}
 p - a scroll of fog {unknown}
 q - a scroll of teleportation {unknown}
 r - a scroll of magic mapping {unknown}
Potions
 g - a potion of cancellation {unknown}
 h - a potion of mutation
 m - a potion of brilliance {unknown}
 s - a potion of magic {unknown}


   Skills:
 - Level 4.0 Dodging
 - Level 2.4 Stealth
 + Level 0.8 Shields
 - Level 5.0 Spellcasting
 - Level 3.0 Conjurations
 - Level 2.0 Summonings
 - Level 1.1 Translocations
 + Level 1.6 Air Magic
 + Level 1.8 Poison Magic


You had 9 spell levels left.
You knew the following spells:

 Your Spells              Type           Power        Failure   Level
a - Magic Dart            Conj           68%          3%          1
b - Call Imp              Summ           13%          8%          2
c - Blink                 Tloc           N/A          11%         2

Your spell library contained the following spells:

 Spells                   Type           Power        Failure   Level
 Mephitic Cloud           Conj/Pois/Air  13%          14%         3
 Slow                     Hex            5%           17%         2
 Conjure Flame            Conj/Fire      11%          19%         3


Dungeon Overview and Level Annotations

Branches:
Dungeon (4/15)
 Temple: D:4-7

Altars:
Gozag

Annotations:
D:2 Terence


Innate Abilities, Weirdness & Mutations

Your system is resistant to poisons. (rPois)
Your movements are slightly less encumbered by armour. (ER -2)


Message History

The adder bites you.
* * * LOW HITPOINT WARNING * * *
You barely miss the adder.
The adder is lightly wounded.
The adder bites you.
* * * LOW HITPOINT WARNING * * *
You are poisoned.
The adder poisons you!
You closely miss the adder.
The adder is lightly wounded.
* * * LOW HITPOINT WARNING * * *
You feel sick. The adder completely misses you. The adder bites you.
* * * LOW HITPOINT WARNING * * *
It was a potion of haste.
You feel yourself speed up. The adder misses you.
It was a potion of mutation.
You feel extremely strange.
You feel less encumbered by your armour.
You feel resistant to poisons. The adder bites you.
You die...
Your body crumbles into a pile of gold.

...[..≈.≈....#≈≈.##.##
##..##....≈≈.#.......#
....##...l..........##
#...##...<...........#
#.......#...####.#..##
(.......#...# #.#..##
.#.#....#...# #.....#
###.........######.###
##....#.....SS@..#
##.........l#####
#............#
##......##.###
#...........
##.......#.###
#.>##.#.##.#
##........(.. #
#.####.#.##.#


You could see 2 adders and a frilled lizard.

Vanquished Creatures
  An adder (D:3)
  3 oozes
  An adder skeleton (D:4)
  2 worms (D:4)
  3 dart slugs (D:1)
  2 leopard geckos (D:3)
  2 orcs
  2 giant cockroaches
  9 hobgoblins
  8 jackals
  3 kobolds (D:3)
  3 quokkas
  4 bats
  2 frilled lizards
  4 goblins
  4 rats
53 creatures vanquished.

Vanquished Creatures (collateral kills)
  A sky beast (D:4)
  A scorpion (D:4)
  A hound (D:4)
  A worker ant (D:4)
  An orc (D:4)
5 creatures vanquished.

Vanquished Creatures (others)
  A plant (D:2)
1 creature vanquished.

Grand Total: 59 creatures vanquished

Notes
Turn   | Place    | Note
-------+----------+-------------------------------------------
     0 | D:1      | thiole the Deep Elf Hedge Wizard began the quest for the
                  | Orb.
     0 | D:1      | Reached XP level 1. HP: 10/10 MP: 7/7
   293 | D:1      | Reached XP level 2. HP: 15/15 MP: 7/9
  1003 | D:1      | Reached XP level 3. HP: 19/19 MP: 2/10
  1540 | D:2      | Noticed Terence
  1654 | D:3      | Learned a level 2 spell: Call Imp
  1657 | D:3      | Learned a level 2 spell: Blink
  2341 | D:3      | Reached XP level 4. HP: 24/24 MP: 6/12
  2465 | D:3      | Found an opulent altar of Gozag.
  2473 | D:3      | Became a worshipper of Gozag Ym Sagoz the Greedy
  2941 | D:4      | Noticed a sky beast
  2970 | D:4      | Killed a sky beast
  2971 | D:4      | Reached skill level 5 in Spellcasting
  2971 | D:4      | Reached skill level 1 in Air Magic
  2971 | D:4      | Reached skill level 1 in Poison Magic
  3068 | D:4      | Reached XP level 5. HP: 28/28 MP: 8/14
  3635 | D:4      | Gained mutation: Your movements are slightly less
                  | encumbered by armour. (ER -2) [potion of mutation]
  3635 | D:4      | Gained mutation: Your system is resistant to poisons.
                  | (rPois) [potion of mutation]
  3635 | D:4      | Slain by an adder

Illustrated notes

Levels and vault maps discovered:
D:1:      lightli_arrival_chessboard, layout_loops_corners, serial_glass,
          glass_columns_b, glass_columns_c, glass_columns_b, glass_columns_c,
          minmay_strange_pillars, item_on_display_b, item_on_display_a,
          minmay_misc_feat_x, st_stairs_7
D:2:      layout_loops_ring, minmay_overflow_temple_star_hex,
          chequers_ecumenical_altar_simple_redux, nrook_mini_backslash,
          wad_woods_river_04, uniq_terence
D:3:      layout_basic, grunt_gozag_breadcrumbs
D:4:      minmay_general_purpose_star, layout_basic, nzn_wu_jian_council_hall,
          serial_rivers, chequers_serial_rivers_marsh,
          chequers_serial_rivers_room_a, chequers_serial_rivers_room_a,
          chequers_serial_rivers_marsh, chequers_serial_rivers_marsh,
          chequers_serial_rivers_small_3, cheibriados_altar_1

Skill      XL: |  1  2  3  4 |
---------------+-------------+-----
Conjurations   | 2 3 |  3.0
Summonings     | 2 |  2.0
Dodging        | 3 4 |  4.0
Spellcasting   | 5 |  5.0
Air Magic      | 1 |  1.6
Poison Magic   | 1 |  1.8
Stealth        | |  2.4
Shields        | |  0.8
Translocations | |  1.1

Action                   |  1- 3 |  4- 6 || total
-------------------------+-------+-------++-------
Melee: Dagger            |    15 |    30 ||    45
 Cast: Magic Dart        |   117 |    36 ||   153
       Call Imp          |       |    21 ||    21
  Use: Potion            |     1 |     4 ||     5
 Stab: Sleeping          |     1 |       ||     1
       Distracted        |       |     1 ||     1
Armor: Robe              |     3 |     1 ||     4
Dodge: Dodged            |    31 |    24 ||    55
